PA
GWINNETT COUNTY BLACK CATS @ MT. VERNON BULLS
08/30/2029
 
TOP OF THE 1ST
Gwinnett County Black Cats batting - Pitching for Mt. Vernon Bulls : LHP Steve Costlow
Pitching: LHP Steve Costlow
Batting: RHB Sidney Mackell 0-0: Called Strike
0-1: Swinging Strike
0-2: Foul Ball, location: 2F
0-2: Strikes out swinging
Batting: RHB Bill Wilson 0-0: Ball
1-0: Fly out, F6 (Line Drive, 6)
Batting: RHB Matt Jeong 0-0: Ball
1-0: Ball
2-0: Ball
3-0: Called Strike
3-1: Foul Ball, location: 2F
3-2: SINGLE (Line Drive, 6)
Batting: LHB Víctor Sánchez 0-0: Called Strike
0-1: Ball
1-1: Swinging Strike
1-2: Strikes out looking
Top of the 1st over - 0 runs, 1 hit, 0 errors, 1 left on base; Gwinnett County 0 - Mt. Vernon 0
BOTTOM OF THE 1ST
Mt. Vernon Bulls batting - Pitching for Gwinnett County Black Cats : RHP Rich Choquette
Pitching: RHP Rich Choquette
Batting: SHB Toby Sutton 0-0: Foul Ball, location: 2F
0-1: Foul Ball, location: 2F
0-2: Strikes out swinging
Batting: RHB Robby Arnold 0-0: Ball
1-0: DOUBLE (Flyball, 89XD)
Batting: RHB Chet Mathis 0-0: Ball
1-0: Called Strike
1-1: Called Strike
1-2: Strikes out looking
Batting: LHB Pablo Morales 0-0: Called Strike
0-1: Swinging Strike
0-2: Foul Ball, location: 2F
0-2: Strikes out swinging
Bottom of the 1st over - 0 runs, 1 hit, 0 errors, 1 left on base; Gwinnett County 0 - Mt. Vernon 0
TOP OF THE 2ND
Gwinnett County Black Cats batting - Pitching for Mt. Vernon Bulls : LHP Steve Costlow
Batting: RHB Chang-lit Min 0-0: Ball
1-0: Ball
2-0: Ball
3-0: Base on Balls
Batting: RHB Elder Sarrano 0-0: Ball
1-0: Foul Ball, location: 2F
1-1: SINGLE (Flyball, 8LS)
Chang-lit Min to second
Runner from 2nd tries for 3rd, SAFE, throw made to third
Batting: RHB Rikky van Opel 0-0: Called Strike
0-1: Foul Ball, location: 2F
0-2: Foul Ball, location: 2F
0-2: Ball
1-2: SINGLE (Flyball, 9S)
Chang-lit Min scores
Elder Sarrano to second
Runner from 2nd tries for 3rd, SAFE, no throw
Batting: RHB Kauna Aleferede 0-0: Called Strike
0-1: Grounds into double play, 6-4-3 (Groundball, 56D)
Elder Sarrano scores
Batting: LHB Marvello Obra 0-0: Swinging Strike
0-1: Swinging Strike
0-2: Ball
1-2: Ball
2-2: Foul Ball, location: 2F
2-2: DOUBLE (Line Drive, 9LM)
Batting: RHB Sidney Mackell 0-0: Ball
1-0: Ball
2-0: Ball
3-0: Called Strike
3-1: Base on Balls
Batting: RHB Bill Wilson 0-0: Ball
1-0: Foul Ball, location: 2F
1-1: Ball
2-1: Fly out, F9 (Flyball, 9S)
Top of the 2nd over - 2 runs, 3 hits, 0 errors, 2 left on base; Gwinnett County 2 - Mt. Vernon 0
BOTTOM OF THE 2ND
Mt. Vernon Bulls batting - Pitching for Gwinnett County Black Cats : RHP Rich Choquette
Batting: RHB Dixon Snyder 0-0: Foul Ball, location: 2F
0-1: Ball
1-1: Swinging Strike
1-2: Strikes out looking
Batting: RHB Orlando Montejo 0-0: Called Strike
0-1: Ball
1-1: Foul Ball, location: 2F
1-2: Strikes out swinging
Batting: RHB Ryan Robbins 0-0: Ball
1-0: Called Strike
1-1: Called Strike
1-2: Ground out 5-3 (Groundball, 56)
Bottom of the 2nd over - 0 runs, 0 hits, 0 errors, 0 left on base; Gwinnett County 2 - Mt. Vernon 0
TOP OF THE 3RD
Gwinnett County Black Cats batting - Pitching for Mt. Vernon Bulls : LHP Steve Costlow
Batting: RHB Matt Jeong 0-0: Ball
1-0: Foul Ball, location: 2F
1-1: Called Strike
1-2: Ball
2-2: Strikes out looking
Batting: LHB Víctor Sánchez 0-0: Called Strike
0-1: Ball
1-1: Hit by Pitch
Batting: RHB Chang-lit Min 0-0: Ball
1-0: Fly out, F8 (Flyball, 8RS)
Batting: RHB Elder Sarrano 0-0: Fly out, F7 (Line Drive, 78M)
Top of the 3rd over - 0 runs, 0 hits, 0 errors, 1 left on base; Gwinnett County 2 - Mt. Vernon 0
BOTTOM OF THE 3RD
Mt. Vernon Bulls batting - Pitching for Gwinnett County Black Cats : RHP Rich Choquette
Batting: RHB Jesse Francis 0-0: Ball
1-0: Ball
2-0: Swinging Strike
2-1: Ball
3-1: Base on Balls
Batting: RHB Orlando Hernández 0-0: Ball
1-0: Foul Ball, location: 2F
1-1: Fielders Choice at 2nd, 4-6 (Groundball, 4)
Batting: SHB Toby Sutton 0-0: Fly out, F7 (Flyball, 78S)
Batting: RHB Robby Arnold 0-0: Called Strike
0-1: Ball
1-1: Ball
Orlando Hernández is caught stealing 2nd base
Bottom of the 3rd over - 0 runs, 0 hits, 0 errors, 0 left on base; Gwinnett County 2 - Mt. Vernon 0
TOP OF THE 4TH
Gwinnett County Black Cats batting - Pitching for Mt. Vernon Bulls : LHP Steve Costlow
Batting: RHB Rikky van Opel 0-0: Foul Ball, location: 2F
0-1: Ball
1-1: Fly out, F9 (Flyball, 9LSF)
Batting: RHB Kauna Aleferede 0-0: Ground out 5-3 (Groundball, 5)
Batting: LHB Marvello Obra 0-0: Fly out, F9 (Flyball, 9LMF)
Top of the 4th over - 0 runs, 0 hits, 0 errors, 0 left on base; Gwinnett County 2 - Mt. Vernon 0
BOTTOM OF THE 4TH
Mt. Vernon Bulls batting - Pitching for Gwinnett County Black Cats : RHP Rich Choquette
Batting: RHB Robby Arnold 0-0: Ball
1-0: Ball
2-0: Called Strike
2-1: Called Strike
2-2: Ground out 1-3 (Groundball, 13)
Batting: RHB Chet Mathis 0-0: Fly out, F9 (Flyball, 9D)
Batting: LHB Pablo Morales 0-0: Called Strike
0-1: Foul Ball, location: 2F
0-2: Strikes out looking
Bottom of the 4th over - 0 runs, 0 hits, 0 errors, 0 left on base; Gwinnett County 2 - Mt. Vernon 0
TOP OF THE 5TH
Gwinnett County Black Cats batting - Pitching for Mt. Vernon Bulls : LHP Steve Costlow
Batting: RHB Sidney Mackell 0-0: Called Strike
0-1: Ball
1-1: SINGLE (Line Drive, 78M)
Batting: RHB Bill Wilson 0-0: Sac Bunt - play at first, batter safe!
Sidney Mackell to second
Batting: RHB Matt Jeong 0-0: Called Strike
0-1: Called Strike
0-2: Foul Ball, location: 2F
0-2: Strikes out swinging
Batting: LHB Víctor Sánchez 0-0: Ball
1-0: Swinging Strike
1-1: Called Strike
1-2: Hit by Pitch
Sidney Mackell to third
Bill Wilson to second
Pinch Runner at 1st José García:
Batting: RHB Chang-lit Min 0-0: Ball
1-0: Ball
2-0: SINGLE (Line Drive, 89M)
Sidney Mackell scores
Bill Wilson to third
José García to second
Runner from 3rd tries for Home, SAFE, no throw
Batting: RHB Elder Sarrano 0-0: Called Strike
0-1: Ball
Balk!
José García to third
Chang-lit Min to second
1-1: Fly out, F8 (Flyball, 89M)
Runner from 3rd tags up, OUT at HOME
Top of the 5th over - 2 runs, 3 hits, 0 errors, 1 left on base; Gwinnett County 4 - Mt. Vernon 0
BOTTOM OF THE 5TH
Mt. Vernon Bulls batting - Pitching for Gwinnett County Black Cats : RHP Rich Choquette
Batting: RHB Dixon Snyder 0-0: SINGLE (Groundball, 5D)
Batting: RHB Orlando Montejo 0-0: Called Strike
0-1: Called Strike
0-2: Strikes out swinging
Batting: RHB Ryan Robbins 0-0: Ball
1-0: Ball
2-0: Called Strike
2-1: Ball
3-1: Grounds into double play, 6-4-3 (Groundball, 6)
Bottom of the 5th over - 0 runs, 1 hit, 0 errors, 0 left on base; Gwinnett County 4 - Mt. Vernon 0
TOP OF THE 6TH
Gwinnett County Black Cats batting - Pitching for Mt. Vernon Bulls : LHP Steve Costlow
Batting: RHB Rikky van Opel 0-0: Ball
1-0: Foul Ball, location: 2F
1-1: Called Strike
1-2: Strikes out looking
Batting: RHB Kauna Aleferede 0-0: Called Strike
0-1: Ball
1-1: Ball
2-1: Fly out, F8 (Line Drive, 8LM)
Batting: LHB Marvello Obra 0-0: Fly out, F7 (Flyball, 7)
Top of the 6th over - 0 runs, 0 hits, 0 errors, 0 left on base; Gwinnett County 4 - Mt. Vernon 0
BOTTOM OF THE 6TH
Mt. Vernon Bulls batting - Pitching for Gwinnett County Black Cats : RHP Rich Choquette
Batting: RHB Jesse Francis 0-0: Fly out, F8 (Flyball, 8RM)
Batting: RHB Orlando Hernández 0-0: Called Strike
0-1: Fly out, F5 (Line Drive, 56S)
Batting: SHB Toby Sutton 0-0: SINGLE (Line Drive, 56D)
Batting: RHB Robby Arnold 0-0: Ball
Toby Sutton is caught stealing 2nd base
Bottom of the 6th over - 0 runs, 1 hit, 0 errors, 0 left on base; Gwinnett County 4 - Mt. Vernon 0
TOP OF THE 7TH
Gwinnett County Black Cats batting - Pitching for Mt. Vernon Bulls : LHP Steve Costlow
Batting: RHB Sidney Mackell 0-0: Ground out 5-3 (Groundball, 56)
Batting: RHB Bill Wilson 0-0: Ground out 4-3 (Groundball, 4MS)
Batting: RHB Matt Jeong 0-0: Ball
1-0: Ground out 4-3 (Groundball, 4)
Top of the 7th over - 0 runs, 0 hits, 0 errors, 0 left on base; Gwinnett County 4 - Mt. Vernon 0
BOTTOM OF THE 7TH
Mt. Vernon Bulls batting - Pitching for Gwinnett County Black Cats : RHP Rich Choquette
Batting: RHB Robby Arnold 0-0: Called Strike
0-1: Ball
1-1: Ball
2-1: Ball
3-1: Swinging Strike
3-2: Strikes out swinging
Batting: RHB Chet Mathis 0-0: Ball
1-0: Called Strike
1-1: Foul Ball, location: 2F
1-2: Strikes out swinging
Batting: LHB Pablo Morales 0-0: Ball
1-0: Called Strike
1-1: Foul Ball, location: 2F
1-2: Ball
2-2: Strikes out swinging
Bottom of the 7th over - 0 runs, 0 hits, 0 errors, 0 left on base; Gwinnett County 4 - Mt. Vernon 0
TOP OF THE 8TH
Gwinnett County Black Cats batting - Pitching for Mt. Vernon Bulls : LHP Steve Costlow
Batting: RHB José García 0-0: Ball
1-0: Foul Ball, location: 2F
1-1: Called Strike
1-2: Foul Ball, location: 2F
1-2: Strikes out swinging
Batting: RHB Chang-lit Min 0-0: Ball
1-0: Ball
2-0: Fly out, F8 (Flyball, 8RD)
Batting: RHB Elder Sarrano 0-0: Swinging Strike
0-1: SINGLE (Line Drive, 8RS)
Batting: RHB Rikky van Opel 0-0: Ball
Elder Sarrano steals 2nd base
1-0: Swinging Strike
1-1: Ball
2-1: Called Strike
2-2: Foul Ball, location: 2F
2-2: Foul Ball, location: 2F
2-2: SINGLE (Groundball, 6MD)
Elder Sarrano to third
Runner from 3rd tries for Home, SAFE, throw made home
Pitching: RHP Israel Zorita
Batting: RHB Kauna Aleferede 0-0: Ball
1-0: Ball
2-0: Ball
3-0: Called Strike
3-1: Foul Ball, location: 2F
3-2: Foul Ball, location: 2F
3-2: Ground out 2-3 (Groundball, 2L)
Top of the 8th over - 1 run, 2 hits, 0 errors, 1 left on base; Gwinnett County 5 - Mt. Vernon 0
BOTTOM OF THE 8TH
Mt. Vernon Bulls batting - Pitching for Gwinnett County Black Cats : RHP Rich Choquette
Batting: RHB Dixon Snyder 0-0: Ball
1-0: Called Strike
1-1: Foul Ball, location: 2F
1-2: Ball
2-2: Foul Ball, location: 2F
2-2: Ball
3-2: Base on Balls
Batting: RHB Orlando Montejo 0-0: Swinging Strike
0-1: Foul Ball, location: 2F
0-2: Ball
1-2: Ball
2-2: Fly out, F9 (Flyball, 9)
Batting: RHB Ryan Robbins 0-0: Called Strike
0-1: Ball
1-1: Swinging Strike
1-2: SINGLE (Flyball, 9LS)
Dixon Snyder to second
Runner from 2nd tries for 3rd, SAFE, no throw
Batting: RHB Jesse Francis 0-0: Ball
1-0: Foul Ball, location: 2F
1-1: Swinging Strike
1-2: Foul Ball, location: 2F
1-2: Grounds into double play, 4-6-3 (Groundball, 34D)
Bottom of the 8th over - 0 runs, 1 hit, 0 errors, 1 left on base; Gwinnett County 5 - Mt. Vernon 0
TOP OF THE 9TH
Gwinnett County Black Cats batting - Pitching for Mt. Vernon Bulls : RHP Israel Zorita
Batting: LHB Marvello Obra 0-0: Called Strike
0-1: Ball
1-1: Foul Ball, location: 2F
1-2: Ball
2-2: Foul Ball, location: 2F
2-2: Foul Ball, location: 2F
2-2: Strikes out looking
Batting: RHB Sidney Mackell 0-0: Called Strike
0-1: Called Strike
0-2: Foul Ball, location: 2F
0-2: Ball
1-2: Fly out, F8 (Flyball, 8RD)
Batting: RHB Bill Wilson 0-0: Ball
1-0: Ball
2-0: Fly out, F8 (Line Drive, 8LD)
Top of the 9th over - 0 runs, 0 hits, 0 errors, 0 left on base; Gwinnett County 5 - Mt. Vernon 0
BOTTOM OF THE 9TH
Mt. Vernon Bulls batting - Pitching for Gwinnett County Black Cats : RHP Rich Choquette
Batting: RHB Orlando Hernández 0-0: Ball
1-0: Fly out, F4 (Line Drive, 34D)
Batting: SHB Toby Sutton 0-0: Ball
1-0: Fly out, F3 (Popup, 23F)
Batting: RHB Robby Arnold 0-0: Called Strike
0-1: Ball
1-1: Swinging Strike
1-2: Fly out, F9 (Flyball, 9D)
Bottom of the 9th over - 0 runs, 0 hits, 0 errors, 0 left on base; Gwinnett County 5 - Mt. Vernon 0
Tuesday, December 19th, 2017 - OOTP Baseball 18.8 Build 76